 Dungeon Crawl Stone Soup version 0.25.0-15-gac7dcb8919 (webtiles) character file.

Game seed: 15608535695112585420

1126 Doot the Geomancer (level 8, -7/43 HPs)
             Began as a Gargoyle Earth Elementalist on June 29, 2020.
             Mangled by a wyvern (13 damage)
             ... on level 9 of the Dungeon.
             The game lasted 00:11:20 (4686 turns).

Doot the Geomancer (Gargoyle Earth Elementalist)    Turns: 4686, Time: 00:11:21

Health: -7/43      AC:  8    Str: 13    XL:     8   Next: 35%
Magic:  2/16       EV: 12    Int: 17    God:
Gold:   130        SH:  0    Dex: 10    Spells: 9/18 levels left

rFire    . . .     SeeInvis .   l - +2 hand axe (flame)
rCold    . . .     Gourm    .   (no shield)
rNeg     + . .     Faith    .   c - +0 robe
rPois    ∞         Spirit   .   (no helmet)
rElec    +         Reflect  .   (no cloak)
rCorr    .         Harm     .   (no gloves)
MR       .....                  h - +0 pair of boots
Stlth    ++........             (no amulet)
HPRegen  0.14/turn              (no ring)
MPRegen  0.15/turn              (no ring)

@: very slightly contaminated
A: negative energy resistance 1, electricity resistance, unbreathing,
petrification resistance, rot immunity, AC +5
a: no special abilities


You were on level 9 of the Dungeon.
You were not hungry.

You visited 1 branch of the dungeon, and saw 8 of its levels.

You collected 130 gold pieces.

Inventory:

Hand Weapons
 f - a +0 spear
 l - a +2 hand axe of flaming (weapon)
Missiles
 b - 23 stones (quivered)
Armour
 c - a +0 robe (worn)
 h - a +0 pair of boots (worn)
Wands
 g - a wand of polymorph (10)
 y - a wand of random effects (21)
Scrolls
 a - a scroll of fear {unknown}
 i - 2 scrolls of blinking {unknown}
 j - 3 scrolls of identify {unknown}
 k - a scroll of noise {unknown}
 n - 2 scrolls of remove curse {unknown}
 o - 3 scrolls of teleportation {unknown}
 s - a scroll of immolation {unknown}
 v - a scroll of amnesia {unknown}
 w - a scroll of magic mapping {unknown}
 x - 2 scrolls of enchant armour {unknown}
Potions
 e - 2 potions of degeneration {unknown}
 m - a potion of lignification {unknown}
 p - 2 potions of stabbing {unknown}
 q - 2 potions of curing {unknown}
 r - a potion of heal wounds {unknown}
 t - a potion of invisibility {unknown}
 u - 2 potions of haste {unknown}
Comestibles
 d - 4 rations


   Skills:
 + Level 1.1 Fighting
 + Level 1.1 Axes
 + Level 2.4 Dodging
 + Level 3.4 Stealth
 + Level 5.8 Spellcasting
 + Level 2.0 Conjurations
   Level 0.7 Transmutations
 + Level 8.0 Earth Magic


You had 9 spell levels left.
You knew the following spells:

 Your Spells              Type           Power        Failure   Level  Hunger
a - Sandblast             Erth           ####..       1%          1    None
b - Stone Arrow           Conj/Erth      ###...       4%          3    ##.....
c - Lee's Rapid Deconstr  Erth           ####......   14%         5    ######.

Your spell library contained the following spells:

 Spells                   Type           Power        Failure   Level  Hunger
 Passwall                 Tmut/Erth      ###.....     3%          2    #......
 Petrify                  Tmut/Erth      ###.....     22%         4    ####...


Dungeon Overview and Level Annotations

Branches:
Dungeon (7/15)                Orc (0/2) D:9
 Temple: D:4-7

Altars:
Dithmenos
Kikubaaqudgha
Wu Jian

Annotations:
D:4 3 runed translucent doors, mandick's ghost, amateur OpFi


Innate Abilities, Weirdness & Mutations

You are resistant to torment.
Your stone body is resilient. (AC +5)
You are immune to poison.
You resist negative energy. (rN+)
You are resistant to electric shocks. (rElec)
You can survive without breathing.
You are immune to petrification.
You are immune to rotting.


Message History

Casting: Stone Arrow (dangerous; 4% risk of failure)
Confirm with . or Enter, or press ? or * to list all spells.
Aiming: Stone Arrow (dangerous; 4% risk of failure)
Press: ? - help, Shift-Dir - straight line, f/p - wyvern
Aim: a wyvern You miscast Stone Arrow.
You are very lightly contaminated with residual magic.
Nothing appears to happen.
The wyvern bites you!
* * * LOW HITPOINT WARNING * * *
The wyvern barely misses you.
Casting: Stone Arrow (dangerous; 4% risk of failure)
Confirm with . or Enter, or press ? or * to list all spells.
Aiming: Sandblast (safe; 1% risk of failure)
Press: ? - help, Shift-Dir - straight line, f/p - wyvern
Aim: a wyvern The blast of sand hits the wyvern!
The wyvern is heavily wounded.
b - 23 stones The wyvern bites you!
You die...

#.O#...#.....#....8....#
#..#.........#.........#
##.#......#Z.#.........#
#O##.....O#..#.........##
###.#.#.....#....Z........####
#..#.##.....#Z................
.hH##O###.....#OZ.8..W>...8..###
.####.## #..####l#...........##
.....######Z# #@#......W....#
.....Z...##.# #.##.........##
#...........# #..#.........#
############# #..#.........#
#..# ...8..$.# #.#####...####
#...!....##### ###...>......#
#.##.#####.#


You could see a wyvern, an ogre, an orc zombie, an ogre zombie and a two-headed
ogre zombie.

Vanquished Creatures
  A hungry ghost (D:7)
  A phantom (D:9)
  A sky beast (D:9)
  A bullfrog (D:6)
  2 scorpions
  A howler monkey (D:4)
  A crimson imp (D:5)
  A quasit (D:7)
  An orc priest (D:5)
  2 hounds
  An orc wizard (D:4)
  A centaur skeleton (D:5)
  6 worker ants
  3 ogre zombies (D:9)
  A hound zombie (D:7)
  7 adders
  3 gnolls (D:4)
  A howler monkey skeleton (D:4)
  A shadow imp (D:7)
  3 worms
  2 dart slugs
  3 leopard geckos
  11 orcs
  2 giant cockroaches
  10 jackals
  2 quokkas
  A frilled lizard (D:3)
  A goblin skeleton (D:9)
  A hobgoblin zombie (D:9)
  A jackal skeleton (D:4)
  4 orc skeletons (D:9)
  7 orc zombies (D:9)
  A quokka skeleton (D:5)
  A quokka zombie (D:5)
  A rat (D:2)
87 creatures vanquished.

Notes
Turn   | Place    | Note
-------+----------+-------------------------------------------
     0 | D:1      | Doot the Gargoyle Earth Elementalist began the quest for
                  | the Orb.
     0 | D:1      | Reached XP level 1. HP: 10/10 MP: 3/3
   497 | D:3      | Reached skill level 4 in Earth Magic
   497 | D:3      | Reached XP level 2. HP: 15/15 MP: 3/5
   662 | D:4      | Reached XP level 3. HP: 19/19 MP: 4/6
   667 | D:4      | Learned a level 3 spell: Stone Arrow
   725 | D:4      | Found a runed translucent gate.
   725 | D:4      | Found a runed translucent gate.
   725 | D:4      | Found a runed translucent gate.
   726 | D:4      | Noticed mandick's ghost (amateur OpFi)
   954 | D:4      | Noticed a scorpion
   989 | D:4      | Killed a scorpion
   989 | D:4      | Reached XP level 4. HP: 24/24 MP: 0/8
  1427 | D:5      | Entered Level 5 of the Dungeon
  1474 | D:4      | Reached skill level 5 in Earth Magic
  1474 | D:4      | Reached XP level 5. HP: 26/28 MP: 4/9
  1583 | D:4      | Learned a level 5 spell: Lee's Rapid Deconstruction
  1947 | D:4      | Reached XP level 6. HP: 32/32 MP: 3/12
  2147 | D:6      | Noticed an orc warrior
  2241 | D:5      | Reached skill level 6 in Earth Magic
  2964 | D:5      | Reached XP level 7. HP: 36/36 MP: 9/13
  3341 | D:6      | Reached skill level 1 in Conjurations
  3401 | D:6      | Found an ornate altar of the Wu Jian Council.
  3403 | D:6      | Found a shadowy altar of Dithmenos.
  3564 | D:7      | Noticed a hungry ghost
  3574 | D:7      | Killed a hungry ghost
  3574 | D:7      | Reached skill level 5 in Spellcasting
  3574 | D:7      | Reached skill level 7 in Earth Magic
  3874 | D:7      | Reached XP level 8. HP: 33/42 MP: 13/16
  4073 | D:7      | You fall into a shaft and drop 2 floors!
  4073 | D:9      | Found a staircase to the Orcish Mines.
  4209 | D:9      | Reached skill level 1 in Axes
  4244 | D:9      | Reached skill level 1 in Fighting
  4274 | D:9      | Found an ancient bone altar of Kikubaaqudgha.
  4628 | D:9      | Reached skill level 8 in Earth Magic
  4647 | D:9      | Noticed a wyvern
  4657 | D:9      | Noticed a hippogriff
  4686 | D:9      | Mangled by a wyvern

Illustrated notes

Levels and vault maps discovered:
D:1:      nagdon_arrival_double_spiral, layout_basic,
          nemelex_xobeh_ov_fountains_minmay
D:2:      layout_loops_cross, chequers_ecumenical_altar_simple,
          kennysheep_pointless_box
D:3:      layout_basic, minivault_26, uniq_natasha
D:4:      layout_basic, ebering_ghost_rock_garden, first_ration
D:5:      layout_loops_cross, minmay_misc_feat_four_crosses,
          kennysheep_small_square
D:6:      layout_cave_pools, grunt_temple_overflow_open, good_gods_temple_1,
          uniq_eustachio
D:7:      layout_basic, minmay_temple_entry_poolview,
          lemuel_mausoleum_altar_yredelemnul
D:9:      minmay_ornate_pinched, layout_basic, kennysheep_mini,
          zombieorc2_lemuel, serial_shops, shop

Skill      XL: |  1  2  3  4  5  6  7  8 |
---------------+-------------------------+-----
Earth Magic    | 4 5 6 7 8 |  8.0
Spellcasting   | 3 4 5 |  5.8
Dodging        | 2 |  2.4
Stealth        | 3 |  3.4
Conjurations   | 1 2 |  2.0
Axes           | 1 |  1.1
Fighting       | 1 |  1.1
Transmutations | |  0.7

Action                   |  1- 3 |  4- 6 |  7- 9 || total
-------------------------+-------+-------+-------++-------
Melee: Spear             |     6 |     5 |       ||    11
       Hand axe          |       |     7 |    19 ||    26
 Cast: Sandblast         |    19 |    48 |    33 ||   100
       Stone Arrow       |     4 |    19 |    29 ||    52
       Lee's Rapid Decon |       |       |     3 ||     3
 Stab: Sleeping          |       |       |     1 ||     1
  Eat: Chunk             |       |     8 |     7 ||    15
       Ration            |       |       |     1 ||     1
Armor: Robe              |     4 |    13 |    29 ||    46
Dodge: Dodged            |    11 |    14 |    38 ||    63
